 Dungeon Crawl Stone Soup version 0.30.1-11-g7821555f0a (webtiles) character file.

Game seed: 13179729916714944095

1933159 jfcaron the Luminary of Lethal Lore (level 27, 222/222 HPs)
             Began as a Gnoll Earth Elementalist on Nov 16, 2023.
             Was the Champion of Vehumet.
             Escaped with the Orb
             ... and 4 runes on Nov 19, 2023!
             The game lasted 05:35:52 (95963 turns).

jfcaron the Luminary of Lethal Lore (GnEE)         Turns: 95963, Time: 05:35:53

Health: 222/222    AC: 18    Str: 15    XL:     27
Magic:  45/46      EV: 22    Int: 41    God:    Vehumet [******]
Gold:   5791       SH: 19    Dex: 15    Spells: 5/65 levels left

rFire   + + .        a - staff of conjuration "Deprefaxt" {Will- Int+6 Stlth-}
rCold   + . .        u - +4 kite shield {rF+}
rNeg    + + +        J - +1 robe "Jerefol" {rElec SInv Archmagi}
rPois   +            z - +2 helmet {Int+3}
rElec   +            p - +2 cloak {rPois}
rCorr   .            F - +0 pair of gloves "Kezapig" {Drain Will++}
SInv    +            K - +2 pair of boots {Stlth+}
Will    +++++        D - amulet of the Four Winds {rN+ Will+++ Clar}
Stlth   +++          o - ring "Cenapt" {rC+ Str+2 Int+3}
HPRegen 1.37/turn    v - ring "Ulivonwu" {rF+ rN++ Str+6 Int+2}
MPRegen 0.30/turn

%: clarity, archmagi
@: no status effects
A: fangs 1, strong nose, distributed training, regeneration 1
0: Orb of Zot
}: 4/15 runes: serpentine, barnacled, slimy, silver
a: Renounce Religion


You escaped.
You worshipped Vehumet.
Vehumet was exalted by your worship.
You visited 12 branches of the dungeon, and saw 56 of its levels.
You also visited: Trove, Ice Cave and Volcano.

You collected 10710 gold pieces.
You spent 4919 gold pieces at shops.

Inventory:

Hand Weapons
 b - a +9 quick blade of flaming
   (You subdued it on level 2 of the Elven Halls)
Missiles
 k - 8 throwing nets {!f}
 w - 14 curare-tipped darts {!f}
 y - 20 datura-tipped darts {!f}
 B - 9 silver javelins {!f}
 E - 2 boomerangs of dispersal {!f}
 H - 3 javelins
 T - 17 atropa-tipped darts {!f}
Armour
 p - a +2 cloak of poison resistance (worn)
   (You took it off a draconian annihilator on level 4 of the Depths)
 u - a +4 kite shield of fire resistance (worn)
   (You took it off a naga warrior on level 4 of the Snake Pit)
 z - a +2 helmet of intelligence (worn)
   (You found it in a volcano)
 F - the +0 pair of gloves "Kezapig" (worn) {Drain Will++}
   (You found it on level 4 of the Vaults)

   Drain:     It drains your maximum health when unequipped.
   Will:      It greatly increases your willpower.
 J - the +1 robe "Jerefol" (worn) {rElec SInv Archmagi}
   (You found it on level 3 of the Shoals)

   rElec:     It insulates you from electricity.
   SInv:      It lets you see invisible.
   Archmagi:  It increases the power of your magical spells.
 K - a +2 pair of boots of stealth (worn)
   (You found it on level 3 of the Elven Halls)
Magical Staves
 a - the staff of conjuration "Deprefaxt" (weapon) {Will- Int+6 Stlth-}
   (You found it on level 2 of the Snake Pit)

   [staff of conjuration]

   Base accuracy: +5 Base damage: 5 Base attack delay: 1.2 This weapon's minimum
   attack delay (0.6) is reached at skill level 12.
   Int:       It affects your intelligence (+6).
   Will:      It decreases your willpower.
   Stlth:     It makes you less stealthy.
   It falls into the 'Staves' category.
   It is a one-handed weapon.
Jewellery
 e - the ring "Huaz" {rElec Str+6 Int+4}
   (You found it on level 5 of the Pits of Slime)

   [ring of strength]

   Str:       It affects your strength (+6).
   Int:       It affects your intelligence (+4).
   rElec:     It insulates you from electricity.
 g - the ring of Lenixexyr {rF++ rC+ rN+ Str-5 Int+2}
   (You found it on level 5 of the Pits of Slime)

   [ring of positive energy]

   Str:       It affects your strength (-5).
   Int:       It affects your intelligence (+2).
   rF:        It greatly protects you from fire.
   rC:        It protects you from cold.
   rN:        It protects you from negative energy.
 o - the ring "Cenapt" (left hand) {rC+ Str+2 Int+3}
   (You took it off a yaktaur on level 5 of the Vaults)

   [ring of protection from cold]

   Str:       It affects your strength (+2).
   Int:       It affects your intelligence (+3).
   rC:        It protects you from cold.
 v - the ring "Ulivonwu" (right hand) {rF+ rN++ Str+6 Int+2}
   (You took it off a deep elf pyromancer on level 3 of the Elven Halls)

   [ring of strength]

   Str:       It affects your strength (+6).
   Int:       It affects your intelligence (+2).
   rF:        It protects you from fire.
   rN:        It greatly protects you from negative energy.
 D - the amulet of the Four Winds (around neck) {rN+ Will+++ Clar}
   (You took it off a yaktaur on level 5 of the Vaults)

   [amulet of nothing]

   rN:        It protects you from negative energy.
   Clar:      It protects you from confusion, rage, mesmerisation and fear.
   Will:      It greatly increases your willpower.
 L - the ring "Saghie Apeam" {Int+6 Slay+4}
   (You found it on level 3 of the Depths)

   [ring of slaying]

   Int:       It affects your intelligence (+6).
   Slay:      It affects your accuracy & damage with ranged weapons and melee
   (+4).
Wands
 j - a wand of charming (11)
   (You bought it in a shop on level 2 of the Orcish Mines)
 l - a wand of digging (3)
 P - a wand of mindburst (36)
   (You found it on level 4 of the Shoals)
 V - a wand of iceblast (40)
   (You found it on level 3 of the Lair of Beasts)
 W - a wand of acid (41)
   (You found it on level 2 of the Shoals)
Scrolls
 h - 9 scrolls of vulnerability
 i - 21 scrolls of teleportation
 r - 6 scrolls of immolation
 N - 7 scrolls of fear
 Q - 6 scrolls of fog
 R - 8 scrolls of blinking
 U - 3 scrolls of poison
 X - 4 scrolls of silence
 Z - a scroll of butterflies
Potions
 c - 12 potions of mutation
 d - 35 potions of curing
 m - a potion of ambrosia
 n - 4 potions of berserk rage
 q - 11 potions of might
 s - 2 potions of resistance
 x - 6 potions of magic
 A - 11 potions of brilliance
 C - 17 potions of heal wounds
 G - a potion of haste
 M - a potion of invisibility
 Y - 7 potions of lignification
Miscellaneous
 f - a condenser vane
   (You found it on level 2 of the Crypt)
 t - a lightning rod (4/4)
   (You found it on level 1 of the Lair of Beasts)
 I - a box of beasts
   (You found it on level 4 of the Shoals)
 O - a phantom mirror
   (You found it on level 14 of the Dungeon)
 S - a phial of floods
   (You found it in an ice cave)


   Skills:
 + Level 19.4 Fighting
 + Level 19.4 Short Blades
 + Level 19.4 Long Blades
 + Level 19.4 Axes
 + Level 19.4 Maces & Flails
 + Level 19.4 Polearms
 + Level 19.4 Staves
 + Level 19.4 Ranged Weapons
 + Level 19.4 Throwing
 + Level 19.4 Armour
 + Level 19.8 Dodging
 + Level 19.8 Stealth
 + Level 19.4 Shields
 + Level 19.4 Unarmed Combat
 + Level 19.9 Spellcasting
 + Level 16.5 Conjurations
 + Level 16.5 Hexes
 + Level 16.5 Summonings
 + Level 16.5 Necromancy
 + Level 16.5 Translocations
 + Level 16.7 Transmutations
 + Level 16.5 Fire Magic
 + Level 16.5 Ice Magic
 + Level 16.5 Air Magic
 + Level 17.3 Earth Magic
 + Level 16.5 Poison Magic
 + Level 21.0 Invocations
 + Level 19.4 Evocations


You had 5 spell levels left.
You knew the following spells:

 Your Spells              Type           Power      Damage    Failure   Level
a - Shatter               Erth           67%        3d50*     17%         9
b - Passwall              Tmut/Erth      100%       N/A       0%          2
c - Stone Arrow           Conj/Erth      100%       3d13      0%          3
d - Plasma Beam           Fire/Air       66%        2x1d90    1%          6
e - Ignition              Fire           66%        3d18      1%          8
f - Yara's Violent Unrav  Hex/Tmut       66%        3d25      1%          5
g - Borgnjor's Vile Clut  Necr/Erth      66%        N/A       1%          5
h - Iron Shot             Conj/Erth      79%        9d14      1%          6
i - Blink                 Tloc           100%       N/A       0%          2
j - Spellforged Servitor  Conj/Summ      79%        N/A       1%          7
l - Orb of Destruction    Conj           79%        9d18      1%          7

Your spell library contained the following spells:

 Spells                   Type           Power      Damage    Failure   Level
 Chain Lightning          Conj/Air       79%        3d105     24%         9
 Fire Storm               Conj/Fire      79%        8d20      24%         9
 Apportation              Tloc           100%       N/A       0%          1
 Foxfire                  Conj/Fire      100%       2x1d9     0%          1
 Necrotise                Necr           100%       1d9       0%          1
 Sandblast                Erth           100%       2d20      0%          1
 Slow                     Hex            100%       N/A       0%          1
 Cigotuvi's Dreadful Rot  Necr/Pois/Air  100%       N/A       0%          2
 Ensorcelled Hibernation  Hex/Ice        100%       N/A       0%          2
 Lesser Beckoning         Tloc           100%       N/A       0%          2
 Poisonous Vapours        Pois/Air       100%       N/A       0%          2
 Sublimation of Blood     Necr           100%       N/A       0%          2
 Wereblood                Tmut           100%       N/A       0%          2
 Call Canine Familiar     Summ           100%       N/A       0%          3
 Confusing Touch          Hex            100%       N/A       0%          3
 Dazzling Flash           Conj/Hex       100%       N/A       0%          3
 Gell's Gravitas          Tloc           100%       N/A       0%          3
 Ignite Poison            Fire/Tmut/Pois 100%       N/A       0%          3
 Inner Flame              Hex/Fire       100%       N/A       0%          3
 Ozocubu's Armour         Ice            100%       N/A       0%          3
 Portal Projectile        Hex/Tloc       100%       N/A       0%          3
 Spider Form              Tmut/Pois      100%       N/A       0%          3
 Summon Guardian Golem    Hex/Summ       100%       N/A       0%          3
 Teleport Other           Tloc           100%       N/A       0%          3
 Tukima's Dance           Hex            100%       N/A       0%          3
 Vampiric Draining        Necr           100%       2d13      0%          3
 Vhi's Electric Charge    Tloc/Air       100%       N/A       0%          3
 Volatile Blastmotes      Fire/Tloc      100%       2d18      0%          3
 Anguish                  Hex/Necr       66%        N/A       0%          4
 Animate Armour           Summ/Erth      100%       N/A       0%          4
 Animate Dead             Necr           100%       N/A       0%          4
 Cause Fear               Hex            66%        N/A       0%          4
 Flame Wave               Conj/Fire      100%       2d21      0%          4
 Fulminant Prism          Conj/Hex       79%        3d31      0%          4
 Iskenderun's Mystic Bla  Conj/Tloc      100%       2d19      0%          4
 Leda's Liquefaction      Hex/Erth       66%        N/A       0%          4
 Manifold Assault         Tloc           100%       N/A       0%          4
 Petrify                  Tmut/Erth      100%       N/A       0%          4
 Sticky Flame             Conj/Fire      100%       2d11      0%          4
 Summon Ice Beast         Ice/Summ       100%       N/A       0%          4
 Agony                    Necr           100%       N/A       1%          5
 Alistair's Intoxication  Tmut/Pois      88%        N/A       1%          5
 Arcjolt                  Conj/Air       79%        1d89      1%          5
 Blade Hands              Tmut           66%        N/A       1%          5
 Freezing Cloud           Conj/Ice/Air   79%        6-21      1%          5
 Iskenderun's Battlesphe  Conj           100%       2d15      1%          5
 Metabolic Englaciation   Hex/Ice        66%        N/A       1%          5
 Silence                  Hex/Air        66%        N/A       1%          5
 Summon Mana Viper        Hex/Summ       100%       N/A       1%          5
 Conjure Ball Lightning   Conj/Air       79%        3x3d30    1%          6
 Dispersal                Tloc           66%        N/A       1%          6
 Eringya's Noxious Bog    Tmut/Pois      66%        N/A       1%          6
 Statue Form              Tmut/Erth      89%        N/A       1%          6
 Dragon Form              Tmut           66%        N/A       1%          7
 Enfeeble                 Hex            66%        N/A       1%          7
 Haunt                    Necr/Summ      66%        N/A       1%          7
 Monstrous Menagerie      Summ           66%        N/A       1%          7
 Storm Form               Tmut/Air       66%        N/A       1%          7
 Summon Hydra             Summ           66%        N/A       1%          7
 Lehudib's Crystal Spear  Conj/Erth      79%        10d18     1%          8
 Borgnjor's Revivificati  Necr           66%        N/A       6%          8
 Discord                  Hex            66%        N/A       6%          8
 Disjunction              Tloc           66%        N/A       6%          8
 Dragon's Call            Summ           66%        N/A       67%         9


Dungeon Overview and Level Annotations

Branches:
Dungeon (15/15)            Temple (1/1) D:5            Lair (5/5) D:8
 Shoals (4/4) Lair:3        Snake (4/4) Lair:2        Slime (5/5) Lair:4
    Orc (2/2) D:11            Elf (3/3) Orc:2        Vaults (5/5) D:13
  Crypt (3/3) Vaults:3       Tomb (0/3) Crypt:3      Depths (4/4) D:15
    Zot (5/5) Depths:4      IceCv (visited)         Volcano (visited)

Altars:
Ashenzari
Cheibriados
Dithmenos
Elyvilon
Fedhas
Gozag
Hepliaklqana
Kikubaaqudgha
Makhleb
Nemelex Xobeh
Okawaru
Qazlal
Ru
Sif Muna
Trog
Uskayaw
Vehumet
Wu Jian
Xom
Yredelemnul
Zin
The Shining One
Jiyva

Shops:
D:4 [   D:15 (   Orc:2 ((:*   Elf:1 =   Elf:2 [*!(   Vaults:5 ?   Depths:4 :==

Portals:
Hell: Depths:1 Depths:2 Depths:3 Depths:4
Abyss: Depths:1 Depths:3
Pandemonium: Depths:2
Ziggurat: Depths:3

Annotations:
Zot:5 2 transporters


Innate Abilities, Weirdness & Mutations

You have very sharp teeth.
Your uncanny sense of smell can sniff out nearby items.
Your experience applies equally to all skills.
Your natural rate of healing is unusually fast.


Message History

Vehumet accepts your kill. The sixfirhy completely misses you.
You block the sixfirhy's attack.
Casting: Iron Shot (safe; 1% risk of failure)
Confirm with . or Enter, or press ? or * to list all spells.
Casting: Ignition (mildly dangerous; 1% risk of failure)
Press: ? - help, Dir - look around, f - activate You feel a surge of power!
The air bursts into flame!
The fireball engulfs the cacodemon!
The cacodemon is almost dead.
The fireball engulfs the sixfirhy!!!
The sixfirhy is almost dead.
The fireball engulfs the sixfirhy!!
You kill the sixfirhy!
Vehumet accepts your kill.
You feel your power returning.
The fireball engulfs the cacodemon!!
You kill the cacodemon!
Vehumet accepts your kill.
You feel your power returning.
Your Invocations skill increases to level 21!
(D) Dungeon (T) Temple (L) Lair (A) Shoals (P) Snake Pit (M) Slime Pits (O) Orcish Mines (E) Elven Halls (V) Vaults (C) Crypt (W) Tomb (U) Depths (H) Hell (Z) Zot
Where to? (Enter - D:1 @ (x,y), ? - help)
There is a staircase leading out of the dungeon here.
As you read the scroll of butterflies, it crumbles to dust.
You hear the flapping of tiny wings.
As you read the scroll of butterflies, it crumbles to dust.
You hear the flapping of tiny wings.
Your butterfly is knocked back by the sudden gust. x24
As you read the scroll of butterflies, it crumbles to dust.
You hear the flapping of tiny wings.
Your butterfly is knocked back by the sudden gust. x24
As you read the scroll of butterflies, it crumbles to dust.
You hear the flapping of tiny wings.
Your butterfly is knocked back by the sudden gust. x24
Really read the scroll of immolation?
You can't even see any enemies this would affect.
As you read the scroll of immolation, it crumbles to dust.
The creatures around you are filled with an inner flame!
You have escaped!

###.......# ####..
#.......######## #.....
##.............# #.##..
#........bb...# #.##.#
#...#....b#...# #.##..
#..######.##..#####.###>
#######..b8bbbbb8..........##.
####.........#bbbbb#..........##.
..........#..#bb@bb#..........##.
.............#bbbbb#..........##.
.............8bbbbb8...#####+###.
..........#.##b######..# #.# #.
......##'##.##b....#...# #.###.
......##.##............# #.....
......##.#.........###.#######...
......##.###.#####.# #.........#.
......##.# #.# #.# #.#######.#.


There were no monsters in sight!

Vanquished Creatures
  the Royal Jelly (Slime:5)
  Dissolution (Slime:2)
  4 ancient liches
  3 dread liches
  8 orbs of fire
  Mennas (Depths:3)
  The ghost of jfcaron the Royal Jelly, a legendary GnVM of Jiyva (Zot:4)
  Sojobo (Depths:3)
  Vv (Depths:3)
  Margery (Vaults:5)
  Parghit (Zot:2)
  Frederick (Vaults:2)
  8 Killer Klowns
  Vashnia (Snake:3)
  3 curse toes
  11 golden dragons
  Jory (Vaults:4)
  Nikola (Vaults:1)
  A Tzitzimitl (D:5)
  A Brimstone Fiend (Zot:2)
  3 electric golems
  Jorgrun (D:14)
  A spectral shard shrike (Crypt:3)
  3 liches
  Rupert (D:14)
  17 tentacled monstrosities
  25 Orb Guardians (Zot:5)
  Asterion (Depths:1)
  4 deep elf blademasters
  14 acid blobs
  A deep elf master archer (Elf:3)
  6 quicksilver dragons
  2 walking divine tomes
  3 ancient champions
  An Executioner (D:5)
  Gastronok (Lair:2)
  5 death cobs
  2 sphinxes (Vaults:5)
  16 storm dragons
  4 shadow dragons
  3 revenants (Crypt:3)
  11 azure jellies
  5 draconian monks
  6 nagarajas
  7 tengu reavers
  12 rockslimes
  7 draconian knights
  3 frost giants
  3 iron dragons
  2 fire giants
  18 vault wardens
  4 draconian scorchers
  11 deep elf sorcerers
  5 curse skulls
  2 ghost moths (Zot:5)
  4 draconian shifters
  15 ironbound preservers
  3 deep elf elementalists (Elf:3)
  5 ghouls
  A spriggan defender (Depths:3)
  A cacodemon (D:1)
  A quicksilver ooze (shapeshifter) (Vaults:5)
  10 ironbound thunderhulks
  14 draconian stormcallers
  3 orc warlords
  7 quicksilver oozes (Slime:5)
  12 draconian annihilators
  A juggernaut skeleton (Crypt:2)
  7 green draconians
  18 stone giants
  3 war gargoyles
  20 very ugly things
  7 deep elf demonologists
  8 white draconians
  4 vampire knights
  10 deep elf annihilators
  9 black draconians
  16 red draconians
  9 dire elephants
  11 purple draconians
  The ghost of Wemm the Imperceptible, a journeyman SpEn of Gozag (D:13)
  14 yellow draconians
  8 eidola
  3 merfolk javelineers
  Snorg (D:14)
  A crystal guardian (Vaults:3)
  12 ettins
  4 jiangshi
  10 yaktaur captains
  9 merfolk impalers
  2 entropy weavers (Vaults:1)
  4 fire dragons (Depths:4)
  6 deep elf death magi
  10 deep elf high priests
  A great orb of eyes (shapeshifter) (D:13)
  Harold (D:10)
  A caustic shrike simulacrum (Crypt:2)
  9 great orbs of eyes
  2 peacekeepers
  18 anacondas
  5 ice dragons
  2 salamander tyrants
  26 vault guards (Vaults:5)
  7 ironbound frosthearts
  2 merfolk avatars
  3 hydras
  A rakshasa (Depths:2)
  5 boulder beetles
  9 ogre magi
  3 alligators
  2 alligator snapping turtles
  7 centaur warriors
  39 dancing weapons
  A fenstrider witch skeleton (Crypt:3)
  3 spriggan air magi
  3 satyrs
  6 merfolk aquamancers
  2 death knights
  20 two-headed ogres
  2 deep troll shamans (Depths:2)
  6 death yaks (Lair:5)
  4 spriggan berserkers
  5 deep troll earth magi
  11 naga warriors
  9 tengu warriors
  6 hell hogs (D:11)
  15 deep elf knights
  Urug (D:10)
  13 hell knights
  A shock serpent (shapeshifter) (Vaults:5)
  8 soul eaters
  9 vampire magi
  21 naga sharpshooters
  5 shock serpents
  16 shadow wraiths
  A skyshark (shapeshifter) (Vaults:5)
  2 iron trolls (Depths:4)
  A titan skeleton (Crypt:3)
  2 sixfirhies (D:1)
  4 skysharks
  14 sea snakes
  8 salamander mystics
  A large abomination (Depths:1)
  22 deep trolls
  4 flayed ghosts
  10 skeletal warriors
  5 glowing orange brains
  A goliath frog (Lair:4)
  An orb spider (shapeshifter) (Vaults:5)
  A glowing orange brain (shapeshifter) (Vaults:3)
  2 bog bodies
  23 ironbound convokers
  A swamp dragon (Lair:4)
  9 harpies
  15 orc knights
  29 phantasmal warriors
  13 wizards
  8 deep elf archers
  7 naga ritualists
  A broodmother zombie (Crypt:3)
  A lindwurm (shapeshifter) (Vaults:5)
  16 mana vipers
  An iron giant skeleton (Crypt:2)
  8 lindwurms
  21 deep elf zephyrmancers
  45 ugly things
  3 cyclopes
  28 deep elf pyromancers
  A fire giant zombie (Crypt:3)
  2 shining eyes
  2 wolf spiders
  A shining eye (shapeshifter) (Elf:2)
  6 necromancers
  10 manticores
  A manticore (shapeshifter) (Vaults:1)
  5 orc sorcerers
  14 fauns
  An iron dragon zombie (Crypt:2)
  An oklob plant (Lair:5)
  45 black mambas
  18 moths of wrath
  A stone giant zombie (Depths:1)
  21 salamanders
  A guardian serpent (shapeshifter) (Depths:4)
  10 merfolk sirens
  14 naga magi
  A stone giant skeleton (Depths:1)
  13 elephants
  2 ice statues (IceCv)
  5 toenail golems (Volcano)
  17 vault sentinels
  7 water nymphs
  An eye of devastation (Slime:4)
  10 guardian serpents
  A torpor snail (shapeshifter) (Vaults:5)
  A torpor snail (Elf:2)
  Maurice (D:11)
  13 cane toads
  A hellion (Zot:3)
  2 rime drakes
  5 freezing wraiths
  An efreet (D:13)
  A kobold demonologist (Crypt:2)
  A steelbarb worm zombie (Crypt:2)
  An orb spider zombie (Crypt:1)
  37 yaktaurs
  9 komodo dragons
  4 anaconda simulacra (IceCv)
  A purple draconian skeleton (Crypt:2)
  A red draconian zombie (Crypt:2)
  A spectral harpy (Crypt:3)
  7 ice devils (IceCv)
  5 tengu conjurers
  A silent spectre (Crypt:2)
  7 trolls
  An unseen horror skeleton (Crypt:2)
  A red devil (Depths:2)
  18 merfolk
  2 tyrant leeches (Lair:4)
  2 wind drakes
  7 polar bears
  A blink frog (shapeshifter) (Vaults:5)
  10 hornets
  17 blink frogs
  7 dream sheep
  12 snapping turtles
  An ice dragon zombie (Crypt:2)
  A spriggan zombie (Depths:1)
  Sigmund (D:2)
  78 slime creatures
  29 water elementals
  A jumping spider (Vaults:1)
  A jumping spider (shapeshifter) (D:14)
  19 spriggans
  9 flying skulls (Crypt:3)
  6 wraiths
  29 yaks
  18 shadows
  2 wyverns
  3 dire elephant simulacra (IceCv)
  4 hogs (D:7)
  3 nameless horrors
  A vampire (D:12)
  3 fire elementals
  2 humans
  6 basilisks
  A steam dragon (D:6)
  A redback (shapeshifter) (Elf:2)
  3 redbacks (Vaults:1)
  Grum (D:9)
  22 vampire mosquitoes
  2 acid dragons
  5 wargs
  A deep troll zombie (Crypt:1)
  A swamp worm (shapeshifter) (D:15)
  41 nagas
  4 swamp worms (Lair:4)
  A hydra simulacrum (IceCv)
  2 harpy simulacra (IceCv)
  2 hell hounds (Orc:1)
  19 water moccasins
  22 orc warriors
  3 floating eyes
  2 sky beasts (D:7)
  A swamp drake (Lair:4)
  2 ice beasts
  A black bear (shapeshifter) (Vaults:5)
  6 black bears
  A black mamba simulacrum (Crypt:2)
  An ice dragon simulacrum (Crypt:2)
  35 ogres
  A swamp dragon skeleton (Crypt:2)
  30 wolves
  4 boggarts
  A hog zombie (Crypt:3)
  A blink frog skeleton (Crypt:2)
  2 centaurs
  2 kobold brigands
  A fire crab zombie (Crypt:1)
  14 bullfrogs
  A rime drake skeleton (Crypt:2)
  A necrophage (Crypt:2)
  3 scorpions
  A cyclops zombie (Crypt:1)
  An earth elemental (Elf:1)
  15 wights
  11 killer bees
  A howler monkey (D:4)
  3 electric eels
  A lava snake (D:14)
  5 jellies
  6 hounds
  A gnoll bouda (D:9)
  15 orc priests
  2 sleepcaps
  Jessica (D:2)
  5 hell rats
  4 iguanas
  Terence (D:1)
  27 orc wizards
  A troll simulacrum (IceCv)
  A wolf simulacrum (IceCv)
  An ice beast zombie (Crypt:1)
  An ogre zombie (Crypt:2)
  A mummy (D:14)
  16 gnolls
  A howler monkey skeleton (Crypt:1)
  2 naga simulacra (IceCv)
  A swamp drake zombie (Crypt:1)
  10 adders
  A shadow imp (D:6)
  12 white imps (Lair:3)
  6 ufetubi
  A dart slug (D:4)
  77 orcs
  5 ball pythons
  4 endoplasms
  A giant cockroach (D:1)
  13 goblins
  4 hobgoblins
  2 jackals (D:1)
  A quokka (D:1)
  A ball python skeleton (Crypt:3)
  6 bats
  An endoplasm zombie (Crypt:3)
  2 frilled lizards
  18 kobolds
  A kobold zombie (Crypt:2)
  An orc skeleton (Crypt:2)
  6 rats
  A river rat zombie (Crypt:1)
  41 ball lightnings
  A spectral weapon (Snake:4)
2351 creatures vanquished.

Notes
Turn   | Place    | Note
-------+----------+-------------------------------------------
     0 | D:1      | jfcaron the Gnoll Earth Elementalist began the quest for
                  | the Orb.
     0 | D:1      | Reached XP level 1. HP: 13/13 MP: 6/6
   243 | D:1      | Reached XP level 2. HP: 19/19 MP: 5/7
   246 | D:1      | Learned a level 2 spell: Passwall
   249 | D:1      | Learned a level 2 spell: Ensorcelled Hibernation
   609 | D:1      | Reached skill level 5 in Spellcasting
   609 | D:1      | Reached XP level 3. HP: 25/25 MP: 6/9
   822 | D:2      | Noticed Terence
   831 | D:1      | Killed Terence
   832 | D:1      | Reached skill level 1 in Fighting
   832 | D:1      | Reached skill level 1 in Short Blades
   832 | D:1      | Reached skill level 1 in Long Blades
   832 | D:1      | Reached skill level 1 in Axes
   832 | D:1      | Reached skill level 1 in Maces & Flails
   832 | D:1      | Reached skill level 1 in Polearms
   832 | D:1      | Reached skill level 1 in Staves
   832 | D:1      | Reached skill level 1 in Ranged Weapons
   832 | D:1      | Reached skill level 1 in Throwing
   832 | D:1      | Reached skill level 1 in Armour
   832 | D:1      | Reached skill level 1 in Shields
   832 | D:1      | Reached skill level 1 in Unarmed Combat
   832 | D:1      | Reached skill level 1 in Invocations
   832 | D:1      | Reached skill level 1 in Evocations
   982 | D:2      | Noticed Jessica
   989 | D:2      | Killed Jessica
   990 | D:2      | Reached skill level 1 in Conjurations
   990 | D:2      | Reached skill level 1 in Hexes
   990 | D:2      | Reached skill level 1 in Summonings
   990 | D:2      | Reached skill level 1 in Necromancy
   990 | D:2      | Reached skill level 1 in Translocations
   990 | D:2      | Reached skill level 1 in Fire Magic
   990 | D:2      | Reached skill level 1 in Ice Magic
   990 | D:2      | Reached skill level 1 in Air Magic
   990 | D:2      | Reached skill level 1 in Poison Magic
   990 | D:2      | Reached XP level 4. HP: 32/32 MP: 1/11
  1375 | D:2      | Noticed Sigmund
  1428 | D:2      | Killed Sigmund
  1429 | D:2      | Reached skill level 5 in Dodging
  1429 | D:2      | Reached skill level 2 in Invocations
  1429 | D:2      | Reached XP level 5. HP: 38/38 MP: 9/12
  1429 | D:2      | Reached XP level 6. HP: 44/44 MP: 10/14
  1904 | D:3      | Found a shimmering blue altar of Sif Muna.
  2189 | D:4      | Noticed a black bear
  2231 | D:4      | Reached XP level 7. HP: 46/51 MP: 9/15
  2234 | D:4      | Found Unubb's Antique Armour Shop.
  2332 | D:4      | Found a glowing silver altar of Zin.
  2363 | D:4      | Reached skill level 5 in Stealth
  2576 | D:4      | Reached skill level 3 in Invocations
  2735 | D:4      | Learned a level 3 spell: Stone Arrow
  2958 | D:4      | Reached XP level 8. HP: 52/58 MP: 10/16
  3426 | D:4      | Bought a pair of glowing gloves for 202 gold pieces
  3618 | D:5      | Entered Level 5 of the Dungeon
  3849 | D:5      | Found a staircase to the Ecumenical Temple.
  3855 | Temple   | Entered the Ecumenical Temple
  4134 | Temple   | Became a worshipper of Vehumet
  4971 | D:6      | Reached skill level 4 in Invocations
  5100 | D:6      | Reached XP level 9. HP: 59/65 MP: 1/18
  5389 | D:6      | Reached * piety under Vehumet
  5389 | D:6      | Offered knowledge of Kiss of Death by Vehumet.
  6238 | D:6      | Reached skill level 5 in Invocations
  6697 | D:7      | Offered knowledge of Magic Dart by Vehumet.
  6698 | D:7      | Reached ** piety under Vehumet
  7073 | D:7      | Found a shadowy altar of Dithmenos.
  7402 | D:7      | Reached skill level 5 in Fighting
  7402 | D:7      | Reached skill level 5 in Short Blades
  7402 | D:7      | Reached skill level 5 in Long Blades
  7402 | D:7      | Reached skill level 5 in Axes
  7402 | D:7      | Reached skill level 5 in Maces & Flails
  7402 | D:7      | Reached skill level 5 in Polearms
  7402 | D:7      | Reached skill level 5 in Staves
  7402 | D:7      | Reached skill level 5 in Ranged Weapons
  7402 | D:7      | Reached skill level 5 in Throwing
  7402 | D:7      | Reached skill level 5 in Armour
  7402 | D:7      | Reached skill level 5 in Shields
  7402 | D:7      | Reached skill level 5 in Unarmed Combat
  7402 | D:7      | Reached skill level 5 in Evocations
  7402 | D:7      | Reached XP level 10. HP: 73/74 MP: 17/20
  7647 | D:7      | Reached skill level 5 in Transmutations
  7651 | D:7      | Learned a level 3 spell: Summon Guardian Golem
  7867 | D:8      | Reached skill level 6 in Invocations
  7936 | D:8      | Found a staircase to the Lair.
  8741 | D:4      | Bought a transparent ring mail for 243 gold pieces
  8741 | D:4      | Identified the +2 ring mail "Yvaun" {+Inv Stlth+} (You
                  | bought it in a shop on level 4 of the Dungeon)
  8842 | D:9      | Found a blossoming altar of Fedhas.
  8850 | D:9      | Found a stormy altar of Qazlal.
  8875 | D:9      | Found a basalt altar of Yredelemnul.
  8876 | D:9      | Found a hazy altar of Hepliaklqana.
  9297 | D:9      | Noticed Grum
  9303 | D:9      | Killed Grum
  9855 | D:10     | Entered Level 10 of the Dungeon
  9919 | D:10     | Noticed Harold
  9927 | D:10     | Killed Harold
  9996 | D:10     | Noticed Urug
 10012 | D:10     | Killed Urug
 10013 | D:10     | Reached skill level 5 in Conjurations
 10013 | D:10     | Reached skill level 5 in Hexes
 10013 | D:10     | Reached skill level 5 in Summonings
 10013 | D:10     | Reached skill level 5 in Necromancy
 10013 | D:10     | Reached skill level 5 in Translocations
 10013 | D:10     | Reached skill level 5 in Fire Magic
 10013 | D:10     | Reached skill level 5 in Ice Magic
 10013 | D:10     | Reached skill level 5 in Air Magic
 10013 | D:10     | Reached skill level 5 in Poison Magic
 10151 | D:9      | Reached XP level 11. HP: 73/81 MP: 7/22
 10423 | D:10     | Found a shimmering altar of Xom.
 10930 | D:10     | Found a sacrificial altar of Ru.
 11050 | D:10     | Offered knowledge of Scorch by Vehumet.
 11449 | D:4      | Bought a glowing robe for 99 gold pieces
 11706 | D:11     | You fall into a shaft and drop 3 floors!
 11915 | D:13     | Reached skill level 7 in Invocations
 11952 | D:13     | Noticed a boulder beetle
 11980 | D:13     | Noticed a deep elf pyromancer
 11994 | D:13     | Found a gate to the Vaults.
 11994 | D:13     | Noticed a two-headed ogre
 12004 | D:13     | Killed a deep elf pyromancer
 12047 | D:13     | Noticed a white ugly thing
 12072 | D:13     | Reached *** piety under Vehumet
 12108 | D:13     | Noticed a stone giant
 12110 | D:13     | Noticed a skeletal warrior
 12111 | D:13     | Noticed a six-headed hydra
 12112 | D:13     | a troll changed into a fire crab
 12112 | D:13     | Noticed a fire crab (shapeshifter)
 12118 | D:13     | Killed a six-headed hydra
 12174 | D:11     | Noticed a two-headed ogre
 12180 | D:11     | Killed a two-headed ogre
 12353 | D:11     | Found a staircase to the Orcish Mines.
 12727 | D:11     | Noticed a boulder beetle
 12740 | Orc:1    | Entered Level 1 of the Orcish Mines
 12752 | Orc:1    | Offered knowledge of Hailstorm by Vehumet.
 12903 | Orc:2    | Entered Level 2 of the Orcish Mines
 12937 | Orc:2    | Found a staircase to the Elven Halls.
 12947 | Orc:2    | Noticed an orc knight
 12959 | Orc:2    | Noticed an orc knight
 12998 | Orc:1    | Reached **** piety under Vehumet
 13016 | Orc:1    | Found a dark tunnel.
 13058 | Volcano  | Entered a volcano
 13115 | Volcano  | Noticed a wizard
 13134 | Volcano  | Killed a wizard
 13135 | Volcano  | Reached XP level 12. HP: 70/91 MP: 24/24
 13240 | Volcano  | Offered knowledge of Ignite Poison by Vehumet.
 13330 | Volcano  | Reached skill level 8 in Invocations
 13356 | Volcano  | Learned a level 5 spell: Yara's Violent Unravelling
 13865 | Orc:2    | Noticed a two-headed ogre
 13887 | Orc:2    | Killed a two-headed ogre
 14085 | Orc:2    | Learned a level 5 spell: Borgnjor's Vile Clutch
 14422 | Orc:2    | Noticed a two-headed ogre
 14430 | Orc:2    | Noticed a two-headed ogre
 14430 | Orc:2    | Noticed a two-headed ogre
 14431 | Orc:2    | Noticed a two-headed ogre
 14432 | Orc:2    | Noticed an ogre mage
 14433 | Orc:2    | Noticed an ogre mage
 14433 | Orc:2    | Noticed a two-headed ogre
 14434 | Orc:2    | Killed a two-headed ogre
 14434 | Orc:2    | Killed an ogre mage
 14434 | Orc:2    | Killed a two-headed ogre
 14434 | Orc:2    | Killed a two-headed ogre
 14434 | Orc:2    | Killed a two-headed ogre
 14438 | Orc:2    | Killed an ogre mage
 14439 | Orc:2    | Reached XP level 13. HP: 91/98 MP: 23/26
 14442 | Orc:2    | Reached skill level 9 in Invocations
 14603 | Orc:1    | HP: 16/98 [two-headed ogre/+0 giant club (8)]
 15292 | Orc:2    | Reached skill level 10 in Spellcasting
 15543 | Orc:2    | Found Atroh's Book Emporium.
 15543 | Orc:2    | Found Patzen's Weapon Boutique.
 15544 | Orc:2    | Found Xukasuch's Assorted Antiques.
 15544 | Orc:2    | Found Touh's Weapon Emporium.
 15797 | Orc:2    | Bought a smoking sapphire amulet for 215 gold pieces
 15797 | Orc:2    | Identified the amulet "Saogriaj" {Reflect +Inv rElec Str-5
                  | SH+5} (You bought it in a shop on level 2 of the Orcish
                  | Mines)
 15800 | Orc:2    | Bought a crooked bone wand for 172 gold pieces
 16231 | D:11     | Noticed Maurice
 16239 | D:11     | Killed Maurice
 16272 | D:11     | Reached ***** piety under Vehumet
 16272 | D:11     | Offered knowledge of Iron Shot by Vehumet.
 16292 | D:11     | Learned a level 6 spell: Iron Shot
 16518 | D:11     | Reached skill level 10 in Dodging
 16974 | Lair:1   | Entered Level 1 of the Lair of Beasts
 17421 | Lair:1   | Reached skill level 10 in Stealth
 18425 | Lair:2   | Found a staircase to the Snake Pit.
 18433 | Lair:2   | Reached XP level 14. HP: 83/108 MP: 12/28
 18434 | Lair:2   | Reached skill level 10 in Invocations
 18568 | Lair:2   | Noticed Gastronok
 18577 | Lair:2   | Killed Gastronok
 19566 | Lair:3   | Found a frozen archway.
 19591 | IceCv    | Entered an ice cave
 21451 | Lair:3   | Offered knowledge of Sticky Flame by Vehumet.
 22181 | Lair:3   | Found a staircase to the Shoals.
 23118 | Lair:3   | Reached skill level 10 in Earth Magic
 23550 | Lair:4   | Reached skill level 10 in Fighting
 23550 | Lair:4   | Reached skill level 10 in Short Blades
 23550 | Lair:4   | Reached skill level 10 in Long Blades
 23550 | Lair:4   | Reached skill level 10 in Axes
 23550 | Lair:4   | Reached skill level 10 in Maces & Flails
 23550 | Lair:4   | Reached skill level 10 in Polearms
 23550 | Lair:4   | Reached skill level 10 in Staves
 23550 | Lair:4   | Reached skill level 10 in Ranged Weapons
 23550 | Lair:4   | Reached skill level 10 in Throwing
 23550 | Lair:4   | Reached skill level 10 in Armour
 23550 | Lair:4   | Reached skill level 10 in Shields
 23550 | Lair:4   | Reached skill level 10 in Unarmed Combat
 23550 | Lair:4   | Reached skill level 10 in Evocations
 23635 | Lair:4   | Found a staircase to the Slime Pits.
 23637 | Lair:4   | Found a viscous altar of Jiyva.
 23894 | Lair:4   | Reached XP level 15. HP: 100/115 MP: 30/30
 24165 | Lair:4   | Learned a level 2 spell: Blink
 24214 | Lair:4   | Identified the +3 scale mail of Kashrett {Will+}
 24275 | Lair:4   | Reached skill level 11 in Invocations
 24739 | Lair:5   | Entered Level 5 of the Lair of Beasts
 26468 | Lair:5   | Offered knowledge of Ozocubu's Refrigeration by Vehumet.
 26785 | Lair:5   | Identified the +8 scimitar of Indomitability {drain, Str+3}
 26787 | Lair:5   | Identified the +0 robe "Rasorcho" {Harm}
 27883 | D:12     | Identified the +2 chain mail of the Orb {Harm Stlth+}
 28321 | D:13     | Identified the ring "Dejaal" {Fly rF- rC+++ Dex+4}
 28457 | D:13     | Noticed Wemm's ghost (journeyman SpEn)
 28460 | D:13     | Found a transporter.
 28487 | D:13     | Found a transporter.
 29664 | D:13     | Learned a level 7 spell: Spellforged Servitor
 30020 | D:14     | Reached XP level 16. HP: 97/124 MP: 32/32
 30020 | D:14     | Offered knowledge of Lee's Rapid Deconstruction by Vehumet.
 30177 | D:14     | Noticed Jorgrun
 30222 | D:14     | Killed Jorgrun
 30228 | D:14     | Reached skill level 12 in Invocations
 30606 | D:14     | Noticed Rupert
 30612 | D:14     | Killed Rupert
 30671 | D:14     | Found the +4 Cigotuvi's embrace {Corpsefed rMiasma Drain
                  | rN+}
 30679 | D:14     | jfcaron: ??Cigotuvi's embrace
 30679 | D:14     | beem: Cigotuvi's Embrace[1/3]: Unrand +4 leather armour
                  | with rN, rMiasma, and (the exciting bit!) corpse
                  | harvesting: automatically turns nearby corpses into
                  | temporary AC via a slightly complicated formula.
 30679 | D:14     | jfcaron: ??Cigotuvi's embrace[2
 30679 | D:14     | beem: Cigotuvi's Embrace[2/3]: From 0.16 to 0.20, a L5
                  | Necro spell that turned corpses into temporary AC/SH. Was
                  | very complicated and mostly just weaker than Animate Dead
                  | etc (esp because those spells were stronger back then!).
 30679 | D:14     | jfcaron: ??Cigotuvi's embrace[3
 30679 | D:14     | beem: Cigotuvi's Embrace[3/3]: !lg happylisk ac>400 -log
 30679 | D:14     | jfcaron: !lg happylist ac>400 -log
 30679 | D:14     | beem: No games for happylist (ac>400).
 30679 | D:14     | jfcaron: !lg happylisk ac>400 -log
 30679 | D:14     | beem: 1. Happylisk, XL27 GrNe, T:78272:
                  | http://dobrazupa.org/morgue/Happylisk/morgue-Happylisk-2015
                  | 0322-153903.txt
 30695 | D:14     | Found a snail-covered altar of Cheibriados.
 30836 | D:14     | Noticed Snorg
 30840 | D:14     | Killed Snorg
 30908 | D:15     | Entered Level 15 of the Dungeon
 31250 | D:15     | Found Sexza's Weapon Boutique.
 31808 | D:15     | Found a staircase to the Depths.
 32333 | D:13     | Killed Wemm's ghost
 32750 | Shoals:1 | Entered Level 1 of the Shoals
 32820 | Shoals:1 | Reached skill level 10 in Transmutations
 34288 | Shoals:2 | Reached XP level 17. HP: 133/133 MP: 11/33
 34466 | Shoals:2 | Reached ****** piety under Vehumet
 34475 | Shoals:2 | Reached skill level 10 in Conjurations
 34475 | Shoals:2 | Reached skill level 10 in Hexes
 34475 | Shoals:2 | Reached skill level 10 in Summonings
 34475 | Shoals:2 | Reached skill level 10 in Necromancy
 34475 | Shoals:2 | Reached skill level 10 in Translocations
 34475 | Shoals:2 | Reached skill level 10 in Fire Magic
 34475 | Shoals:2 | Reached skill level 10 in Ice Magic
 34475 | Shoals:2 | Reached skill level 10 in Air Magic
 34475 | Shoals:2 | Reached skill level 10 in Poison Magic
 34489 | Shoals:2 | Offered knowledge of Freezing Cloud by Vehumet.
 35113 | Shoals:3 | Identified the +1 robe "Jerefol" {rElec SInv Archmagi}
 35248 | Shoals:3 | Reached skill level 13 in Invocations
 36071 | Shoals:4 | Entered Level 4 of the Shoals
 37018 | Shoals:4 | Got a barnacled rune of Zot
 37033 | Shoals:4 | Offered knowledge of Iskenderun's Battlesphere by Vehumet.
 37730 | Shoals:4 | Got the Incunable of the Ageless Knaves
 38032 | Shoals:4 | Learned a level 6 spell: Conjure Ball Lightning
 38177 | Snake:1  | Entered Level 1 of the Snake Pit
 39305 | Snake:1  | HP: 22/135 [spore (9)]
 39573 | Snake:1  | Reached XP level 18. HP: 94/141 MP: 25/35
 41150 | Snake:2  | Identified the staff of conjuration "Deprefaxt" {Will-
                  | Int+6 Stlth-}
 41773 | Snake:3  | Noticed Vashnia
 42050 | Snake:3  | HP: 23/142 [naga sharpshooter/arrow[Vashnia] (18)]
 42051 | Snake:3  | Killed Vashnia
 42057 | Snake:2  | Offered knowledge of Maxwell's Capacitive Coupling by
                  | Vehumet.
 42692 | Snake:3  | Reached skill level 14 in Invocations
 43065 | D:15     | Learned a level 6 spell: Plasma Beam
 45297 | Snake:4  | Entered Level 4 of the Snake Pit
 45797 | Snake:4  | Reached XP level 19. HP: 133/149 MP: 10/37
 46387 | Snake:4  | Offered knowledge of Fire Storm by Vehumet.
 46387 | Snake:4  | Offered knowledge of Shatter by Vehumet.
 46387 | Snake:4  | Offered knowledge of Chain Lightning by Vehumet.
 46442 | Snake:4  | Identified the +5 robe of the Armadillo {+Blink Dex+6}
 46609 | Snake:4  | Found an iron altar of Okawaru.
 47866 | Snake:4  | Got a serpentine rune of Zot
 47905 | Snake:4  | jfcaron: ??order
 47905 | Snake:4  | beem: hyperelliptic[1/2]: D:11 -> Lair -> D:12 -> Orc ->
                  | D:15 -> S:3 -> maybe other S:3 -> get both S runes -> maybe
                  | Elf (but not the Elf:3 vault) -> Vaults:4 -> maybe Crypt ->
                  | Depths:4 -> Vaults:5 -> maybe Slime -> Zot ("S" means
                  | Shoals/Snake/Spider/Swamp)
 48292 | Elf:1    | Entered Level 1 of the Elven Halls
 48354 | Elf:1    | Found Xunkid Kyol's Jewellery Boutique.
 48924 | Elf:1    | Identified the +3 chain mail of Vyaludud {rElec Str+4
                  | Slay+2}
 49172 | Elf:1    | Reached skill level 15 in Invocations
 49233 | Elf:1    | Found a runed translucent gate.
 49233 | Elf:1    | Found a runed translucent gate.
 49233 | Elf:1    | Found a runed translucent gate.
 49233 | Elf:1    | Found a runed translucent gate.
 49233 | Elf:1    | Found a runed translucent gate.
 49234 | Elf:1    | Found a runed translucent gate.
 49677 | Elf:2    | Found Caenycka's General Store.
 49681 | Elf:3    | Entered Level 3 of the Elven Halls
 49704 | Elf:2    | Found Ganeveb's Antique Weapon Shoppe.
 49776 | Elf:2    | Reached XP level 20. HP: 158/158 MP: 30/38
 49961 | Elf:2    | Found Luty's Distillery.
 49970 | Elf:2    | Bought a potion of heal wounds for 80 gold pieces
 49970 | Elf:2    | Bought a potion of resistance for 160 gold pieces
 50130 | Elf:2    | Found a runed translucent gate.
 50130 | Elf:2    | Found a runed translucent gate.
 50132 | Elf:2    | Found a runed translucent gate.
 50199 | Elf:2    | Bought a potion of haste for 170 gold pieces
 50199 | Elf:2    | Bought a scroll of silence for 161 gold pieces
 50199 | Elf:2    | Bought a scroll of teleportation for 51 gold pieces
 50201 | Elf:2    | Found Uptouhot's Armour Boutique.
 50294 | Elf:2    | Found a radiant altar of Vehumet.
 50946 | Elf:2    | Reached skill level 15 in Spellcasting
 51148 | Elf:2    | Bought a crude trident for 212 gold pieces
 51148 | Elf:2    | Identified the +4 trident of the Vestibule of Hell {venom,
                  | *Noise rElec Str+5 Int-5} (You bought it in a shop on level
                  | 2 of the Elven Halls)
 52096 | Elf:3    | Identified the +6 mace of Bankruptcy {drain, Fly Dex+3}
 52096 | Elf:3    | Identified the +1 robe of Distant Worlds {Int+3}
 52096 | Elf:3    | Identified the ring "Ulivonwu" {rF+ rN++ Str+6 Int+2}
 52118 | Elf:3    | Reached skill level 15 in Dodging
 52679 | Elf:3    | Reached skill level 15 in Stealth
 52775 | Elf:3    | Identified the +1 ice dragon scales of Cocytus {Rampage rF-
                  | rC++ Str-4 Dex+6}
 53137 | Elf:3    | Identified the staff of air "Forok" {rElec rPois rF+ Str+3
                  | Dex-5}
 54064 | Depths:1 | Entered Level 1 of the Depths
 54899 | D:3      | Got Sif Muna's Collected Works on Mud
 54901 | D:3      | Got Sif Muna's Parchment of Transportation
 54903 | D:3      | Got Sif Muna's Treatise on the Sun
 55176 | Vaults:1 | Entered Level 1 of the Vaults
 55807 | Vaults:1 | Identified the +8 long sword "Burph" {venom, rPois Stlth+}
 55810 | Vaults:1 | Reached XP level 21. HP: 166/166 MP: 31/40
 56895 | Vaults:1 | Reached skill level 16 in Invocations
 57044 | Vaults:1 | Noticed Nikola
 57053 | Vaults:1 | Killed Nikola
 57523 | Vaults:2 | Identified the +7 dagger "Mud Pie of Death" {heavy, rF-
                  | rN++}
 57803 | Vaults:2 | Identified the +1 robe of Jukliy {SInv}
 58060 | Vaults:2 | Reached skill level 15 in Fighting
 58060 | Vaults:2 | Reached skill level 15 in Short Blades
 58060 | Vaults:2 | Reached skill level 15 in Long Blades
 58060 | Vaults:2 | Reached skill level 15 in Axes
 58060 | Vaults:2 | Reached skill level 15 in Maces & Flails
 58060 | Vaults:2 | Reached skill level 15 in Polearms
 58060 | Vaults:2 | Reached skill level 15 in Staves
 58060 | Vaults:2 | Reached skill level 15 in Ranged Weapons
 58060 | Vaults:2 | Reached skill level 15 in Throwing
 58060 | Vaults:2 | Reached skill level 15 in Armour
 58060 | Vaults:2 | Reached skill level 15 in Shields
 58060 | Vaults:2 | Reached skill level 15 in Unarmed Combat
 58060 | Vaults:2 | Reached skill level 15 in Evocations
 58428 | Vaults:2 | Noticed Frederick
 58436 | Vaults:2 | Killed Frederick
 58560 | Vaults:3 | Found a staircase to the Crypt.
 58560 | Vaults:3 | Found an ancient bone altar of Kikubaaqudgha.
 58560 | Vaults:3 | Found a basalt altar of Yredelemnul.
 59059 | Vaults:3 | Found Pucwim's Distillery.
 59172 | Vaults:3 | Bought a potion of heal wounds for 70 gold pieces
 59172 | Vaults:3 | Bought a potion of heal wounds for 70 gold pieces
 59172 | Vaults:3 | Bought a potion of invisibility for 112 gold pieces
 60186 | Vaults:4 | Reached XP level 22. HP: 175/175 MP: 30/42
 60764 | Vaults:4 | Noticed Jory
 60770 | Vaults:4 | Killed Jory
 61104 | Vaults:4 | Identified the +0 ring mail of Heof {Dex+5}
 61105 | Vaults:4 | Identified the +0 ring mail "Feamiac" {Stlth+}
 61112 | Vaults:4 | Identified the +0 pair of gloves "Kezapig" {Drain Will++}
 62963 | Depths:1 | Noticed a golden dragon
 62966 | Depths:1 | Killed a golden dragon
 62976 | Depths:1 | Found a runed translucent door.
 62977 | Depths:1 | Noticed a golden dragon
 63137 | Depths:1 | Found a gateway to Hell.
 63533 | Depths:1 | Noticed Asterion
 63546 | Depths:1 | Killed Asterion
 63602 | Depths:1 | Found a one-way gate to the infinite horrors of the Abyss.
 63618 | Depths:1 | Identified the ring of Issyenig {Will+ Int+2}
 63661 | Depths:1 | Found a white marble altar of Elyvilon.
 63734 | Depths:1 | Reached skill level 17 in Invocations
 63993 | Depths:1 | Identified a ring of Liberty {Wiz rC+ rN+++ Will- Slay+2}
 64105 | Depths:1 | Killed a golden dragon
 64196 | Depths:2 | Found a blossoming altar of Fedhas.
 64694 | Depths:2 | Found a one-way gate leading to the halls of Pandemonium.
 64853 | Depths:2 | Found a portal to a secret trove of treasure.
 65023 | Depths:2 | Found a faded altar of an unknown god.
 65024 | Depths:2 | Found a hazy altar of Hepliaklqana.
 65026 | Depths:2 | Found a faded altar of an unknown god.
 65256 | Depths:3 | Noticed Sojobo
 65260 | Depths:3 | Killed Sojobo
 65267 | Depths:3 | Reached XP level 23. HP: 121/183 MP: 37/43
 65447 | Depths:3 | Found a one-way gateway to a ziggurat.
 65780 | Depths:3 | Found a transporter.
 65782 | Depths:3 | Found a transporter.
 65782 | Depths:3 | Found a viscous altar of Jiyva.
 66238 | Depths:3 | Noticed Vv
 66244 | Depths:3 | Killed Vv
 66463 | Depths:3 | Noticed Mennas
 66470 | Depths:3 | Killed Mennas
 66748 | Depths:3 | Identified the ring "Saghie Apeam" {Int+6 Slay+4}
 66994 | Depths:4 | Entered Level 4 of the Depths
 67138 | Depths:4 | Found Luapn's Jewellery Emporium.
 67140 | Depths:4 | Found Ryusox's Book Shop.
 67141 | Depths:4 | Found Weip Oha's Jewellery Emporium.
 67156 | Depths:4 | Bought the Grimoire of Degeneration and Oxidation for 924
                  | gold pieces
 67165 | Depths:4 | Learned a level 8 spell: Ignition
 67268 | Depths:4 | Found a gate to the Realm of Zot.
 67269 | Depths:4 | Noticed a golden dragon
 68286 | Depths:4 | Killed a golden dragon
 68545 | Depths:4 | Found an iron altar of Okawaru.
 68873 | Vaults:5 | Entered Level 5 of the Vaults
 69063 | Vaults:5 | Noticed Margery
 69069 | Vaults:5 | Killed Margery
 69072 | Vaults:5 | Identified the amulet of the Cicada {Spirit Str+6 Int+3
                  | Dex-5}
 69485 | Vaults:5 | Reached skill level 15 in Earth Magic
 69604 | Vaults:5 | Reached skill level 18 in Invocations
 69604 | Vaults:5 | Reached XP level 24. HP: 173/193 MP: 44/44
 69631 | Vaults:5 | Identified the ring "Cenapt" {rC+ Str+2 Int+3}
 69894 | Vaults:5 | Found the amulet of the Four Winds {rN+ Will+++ Clar}
 70020 | Vaults:5 | Noticed an ancient lich
 70024 | Vaults:5 | Killed an ancient lich
 70315 | Vaults:5 | Found Igoifadgh's Magic Scroll Boutique.
 70321 | Vaults:5 | Bought a scroll of blinking for 82 gold pieces
 70487 | Vaults:5 | Identified the +6 arbalest "Erhoq" {antimagic, Fragile
                  | +Blink Int+5 SInv} (You took it off a yaktaur on level 5 of
                  | the Vaults)
 70539 | Vaults:5 | Identified the +3 scale mail of Pil Awui {Str+2 SInv}
 70539 | Vaults:5 | Identified the ring "Temm" {Dex+3 SInv}
 70750 | Vaults:5 | Identified the staff of cold "Afuamimn" {rC+ rCorr}
 70794 | Vaults:5 | Identified the +0 ring mail of Ylal {Dex+3 Stlth+}
 70892 | Vaults:5 | Got a silver rune of Zot
 71476 | Depths:2 | You paid a toll of +2 ice dragon scales to enter a treasure
                  | trove
 71477 | Trove    | Entered a treasure trove
 71492 | Trove    | Identified the ring "Ganabain" {rF+ rCorr}
 71497 | Trove    | Identified the +3 morningstar of Courage {speed, Dex+2}
 71721 | Crypt:1  | Entered Level 1 of the Crypt
 73742 | Crypt:2  | Found a runed door.
 74274 | Crypt:2  | Noticed an ancient lich
 74276 | Crypt:2  | Killed an ancient lich
 74289 | Crypt:2  | Noticed a dread lich
 74291 | Crypt:2  | Killed a dread lich
 74301 | Crypt:2  | Reached XP level 25. HP: 201/201 MP: 13/44
 74436 | Crypt:2  | Identified the +0 hat "Qysem" {Regen+}
 74439 | Crypt:2  | Got the Precepts of Skeletons and Soot
 74441 | Crypt:2  | Identified a ring of Pessimism {Wiz rElec rF+ Dex+6}
 74452 | Crypt:2  | Found the +4 consecrated labrys {holy, Valiant Fragile Fly
                  | SInv}
 74469 | Crypt:2  | Identified the staff of poison "Igiugi" {rPois rN++ Int+6}
 74470 | Crypt:2  | Identified the amulet of Wock {Reflect +Blink rElec rN+
                  | SH+5}
 74924 | Crypt:3  | Entered Level 3 of the Crypt
 75352 | Crypt:3  | Found a hide-covered altar of Uskayaw.
 76071 | Crypt:3  | Reached skill level 15 in Transmutations
 76257 | Crypt:3  | Found an ancient bone altar of Kikubaaqudgha.
 76383 | Crypt:3  | Found a staircase to the Tomb.
 76813 | Crypt:3  | Reached skill level 19 in Invocations
 76958 | Crypt:3  | Identified the staff of poison "Cielos" {rPois rN++ rCorr
                  | Dex-4}
 77019 | Crypt:3  | Reached skill level 15 in Conjurations
 77019 | Crypt:3  | Reached skill level 15 in Hexes
 77019 | Crypt:3  | Reached skill level 15 in Summonings
 77019 | Crypt:3  | Reached skill level 15 in Necromancy
 77019 | Crypt:3  | Reached skill level 15 in Translocations
 77019 | Crypt:3  | Reached skill level 15 in Fire Magic
 77019 | Crypt:3  | Reached skill level 15 in Ice Magic
 77019 | Crypt:3  | Reached skill level 15 in Air Magic
 77019 | Crypt:3  | Reached skill level 15 in Poison Magic
 77171 | Crypt:3  | Got the Omnibus of Unspeakable Magic
 77950 | Slime:1  | Entered Level 1 of the Pits of Slime
 78243 | Slime:2  | Gained mutation: Your body sometimes deteriorates upon
                  | taking damage. [a shining eye]
 78308 | Slime:2  | Noticed Dissolution
 78313 | Slime:2  | Killed Dissolution
 78621 | Slime:5  | Entered Level 5 of the Pits of Slime
 78756 | Slime:5  | Noticed the Royal Jelly
 78760 | Slime:4  | jfcaron: @??trj
 78760 | Slime:4  | beem: unknown monster: "trj"
 78760 | Slime:4  | jfcaron: @??The Royal Jelly
 78760 | Slime:4  | beem: Royal Jelly (J)
                  | Spd:
    14 | HD: 21   | HP: 193-264
                  | | AC/EV: 8/4
                  | Dam: 50(acid:4d3), 30(acid:4d3)
                  | eats doors,
                  | see invisible
                  | Res: will(180), poison, acid+++, blind
                  | | Vul: silver
                  | XP:
  7518 | Sz: Large | Int: brainless.
 78774 | Slime:5  | Killed the Royal Jelly
 78787 | Slime:5  | HP: 39/203 [acid blob/splash of acid (10)]
 79163 | Slime:5  | Identified the ring "Huaz" {rElec Str+6 Int+4}
 79188 | Slime:5  | Identified the staff of fire "Bauloah" {rF+ Str-2 Int+5
                  | SInv}
 79242 | Slime:5  | Got the Secrets of the Mausoleum and Lithomancy
 79244 | Slime:5  | Got a slimy rune of Zot
 79289 | Slime:5  | Identified the ring of Lenixexyr {rF++ rC+ rN+ Str-5 Int+2}
 79291 | Slime:5  | Identified the staff of air "Eluaw" {rElec Dex+5}
 79686 | Elf:2    | Bought a potion of mutation for 128 gold pieces
 79686 | Elf:2    | Bought a potion of curing for 48 gold pieces
 79686 | Elf:2    | Bought a potion of mutation for 128 gold pieces
 79686 | Elf:2    | Bought a potion of mutation for 128 gold pieces
 79686 | Elf:2    | Bought a potion of curing for 48 gold pieces
 79686 | Elf:2    | Bought a potion of mutation for 128 gold pieces
 79734 | Elf:2    | Bought a potion of brilliance for 68 gold pieces
 79734 | Elf:2    | Bought a scroll of vulnerability for 68 gold pieces
 79791 | Orc:2    | Bought a potion of magic for 344 gold pieces
 79791 | Orc:2    | Bought a potion of might for 172 gold pieces
 80042 | Vaults:3 | Bought a potion of curing for 42 gold pieces
 80042 | Vaults:3 | Bought a potion of brilliance for 56 gold pieces
 80042 | Vaults:3 | Bought a potion of brilliance for 56 gold pieces
 80042 | Vaults:3 | Bought a potion of mutation for 112 gold pieces
 80042 | Vaults:3 | Bought a potion of lignification for 42 gold pieces
 80042 | Vaults:3 | Bought 2 potions of curing for 84 gold pieces
 80042 | Vaults:3 | Bought a potion of ambrosia for 112 gold pieces
 80187 | Vaults:5 | Bought a scroll of poison for 44 gold pieces
 80187 | Vaults:5 | Bought a scroll of poison for 44 gold pieces
 80187 | Vaults:5 | Bought a scroll of vulnerability for 44 gold pieces
 80450 | D:15     | Learned a level 7 spell: Orb of Destruction
 80511 | Zot:1    | Entered Level 1 of the Realm of Zot
 81185 | Zot:3    | Noticed a Killer Klown
 81196 | Zot:3    | Killed a Killer Klown
 81362 | Zot:3    | Reached XP level 26. HP: 211/211 MP: 25/45
 81371 | Zot:3    | HP: 42/211 [golden dragon/bolt of cold (50)]
 83158 | Zot:5    | Entered Level 5 of the Realm of Zot
 83528 | Zot:4    | Noticed a Killer Klown
 83541 | Zot:4    | Killed a Killer Klown
 85820 | Zot:2    | Noticed Parghit
 85825 | Zot:2    | Killed Parghit
 85949 | Zot:2    | Identified the +5 dire flail of Gatiupn {freeze, Int+4
                  | Dex+3}
 86042 | Zot:2    | You fall into a shaft and drop 1 floor!
 86892 | Zot:1    | Noticed an orb of fire
 86896 | Zot:1    | Killed an orb of fire
 86897 | Zot:1    | Reached skill level 20 in Invocations
 87981 | Zot:1    | Identified the staff of earth "Yrroezeng" {rCorr}
 88445 | D:15     | Learned a level 9 spell: Shatter
 90260 | Zot:5    | Found a transporter.
 90263 | Zot:5    | Noticed jfcaron's ghost (legendary GnVM)
 90268 | Zot:5    | Noticed an orb of fire
 90392 | Zot:5    | Reached XP level 27. HP: 219/219 MP: 40/46
 90492 | Zot:5    | Found a transporter.
 90503 | Zot:5    | Noticed a dread lich
 90508 | Zot:5    | Killed a dread lich
 91164 | Zot:5    | Gained mutation: Your spells are a little easier to cast,
                  | but a little less powerful. [an orb of fire]
 91191 | Zot:5    | Killed an orb of fire
 91452 | Zot:4    | Killed jfcaron's ghost
 92128 | Zot:5    | Identified the amulet of the Four Visions {Spirit Harm rC-
                  | Dex-3 Slay+4}
 92983 | Zot:5    | Noticed an orb of fire
 92985 | Zot:5    | Gained mutation: You are clumsy. (Dex -2) [an orb of fire]
 92989 | Zot:5    | Killed an orb of fire
 93302 | Zot:5    | Noticed an orb of fire
 93307 | Zot:5    | Gained mutation: You are occasionally teleported next to
                  | monsters. [an orb of fire]
 93310 | Zot:5    | Killed an orb of fire
 93311 | Zot:5    | Lost mutation: You are clumsy. (Dex -2) [potion of
                  | mutation]
 93311 | Zot:5    | Lost mutation: You are occasionally teleported next to
                  | monsters. [potion of mutation]
 93311 | Zot:5    | Lost mutation: Your body sometimes deteriorates upon taking
                  | damage. [potion of mutation]
 93311 | Zot:5    | Gained mutation: Your body sometimes deteriorates upon
                  | taking damage. [potion of mutation]
 93311 | Zot:5    | Gained mutation: You have a pair of small horns on your
                  | head. [potion of mutation]
 93348 | Zot:5    | Noticed an ancient lich
 93352 | Zot:5    | Killed an ancient lich
 93473 | Zot:5    | Noticed an ancient lich
 93476 | Zot:5    | Killed an ancient lich
 93658 | Zot:5    | Noticed an orb of fire
 93664 | Zot:5    | Killed an orb of fire
 93774 | Zot:5    | Noticed an orb of fire
 93780 | Zot:5    | Killed an orb of fire
 93815 | Zot:5    | Noticed an orb of fire
 93827 | Zot:5    | Killed an orb of fire
 94355 | Zot:5    | Identified the +11 spear of the Heart {flame, Drain rF++
                  | rCorr Int+3}
 94665 | Zot:5    | Noticed an orb of fire
 94673 | Zot:5    | Killed an orb of fire
 94775 | Zot:5    | Noticed a dread lich
 95055 | Zot:5    | Killed a dread lich
 95458 | Zot:5    | Lost mutation: You have a pair of small horns on your head.
                  | [potion of mutation]
 95458 | Zot:5    | Lost mutation: Your spells are a little easier to cast, but
                  | a little less powerful. [potion of mutation]
 95458 | Zot:5    | Lost mutation: Your body sometimes deteriorates upon taking
                  | damage. [potion of mutation]
 95458 | Zot:5    | Gained mutation: You are frail. (-10% HP) [potion of
                  | mutation]
 95458 | Zot:5    | Gained mutation: You occasionally lose the ability to read
                  | scrolls when taking damage. [potion of mutation]
 95459 | Zot:5    | Lost mutation: You occasionally lose the ability to read
                  | scrolls when taking damage. [potion of mutation]
 95459 | Zot:5    | Lost mutation: You are frail. (-10% HP) [potion of
                  | mutation]
 95459 | Zot:5    | Gained mutation: Your natural rate of healing is unusually
                  | fast. [potion of mutation]
 95477 | Zot:5    | Got the Orb of Zot
 95728 | D:11     | Noticed Naiklon the pandemonium lord
 95955 | D:1      | Reached skill level 21 in Invocations
 95963 | D:$      | Escaped with the Orb!

Illustrated notes

Levels and vault maps discovered:
D:1:      scummos_arrival_simple_crosswalls, layout_basic
D:2:      layout_rooms, nicolae_half_adder, uniq_jessica, uniq_sigmund,
          uniq_terence
D:3:      layout_basic, nicolae_sif_muna_little_library, minmay_misc_feat_room,
          minmay_strange_pillars
D:4:      wad_crossroads, layout_basic, zin_academy, serial_shops,
          kennysheep_mini
D:5:      layout_loops_cross, minmay_temple_entry_wispy
D:6:      layout_rooms, eino_small_chamber_without_monster,
          kennysheep_generic_room_3
D:7:      layout_loops_ring, mainiacjoe_overflow_surrounded_room,
          serial_aquarium, aquarium_bridge_square [aquarium_subvault_bridge,
          aquarium_subvault_bridge, aquarium_subvault_window,
          aquarium_subvault_bridge], aquarium_bridge_square
          [aquarium_subvault_bridge, aquarium_subvault_wall,
          aquarium_subvault_wall, aquarium_subvault_wall], aquarium_window_1,
          aquarium_window_1, aquarium_window_1, aquarium_view_2b,
          grunt_livestock, chequers_serial_rivers_small_3, grunt_ministairs_6
D:8:      layout_layer_cave, lair_entry_dummy
D:9:      layout_loops_corners, grunt_temple_overflow_forces_of_nature,
          grunt_temple_overflow_open, serial_glass, glass_columns_c,
          glass_columns_a, uniq_grum
D:10:     layout_irregular_city, xom_teletrap_fun, mainiacjoe_overflow_catwalk,
          serial_co_window_serial, co_window_corner_a, co_window_paths_b,
          co_window_corner_a, co_window_cross_1, co_window_paths_a,
          co_window_2corner, co_window_paths_c, co_window_of_opportunity_b,
          co_window_unsneaky_path_a, co_window_paths_e, co_window_4corner_a,
          chequers_jeans, uniq_urug, uniq_harold
D:11:     layout_irregular_city, erik_orc_3, uniq_maurice
D:12:     layout_roguey
D:13:     layout_irregular_city, david_vaults_2, gammafunk_ghost_arena
D:14:     layout_big_octagon, kennysheep_nub, slow_altar_1, uniq_snorg,
          uniq_jorgrun, uniq_rupert
D:15:     grunt_enter_depths_snipers, layout_basic, serial_shops, shop,
          kennysheep_crisscross
Temple:   compressed_dpeg_triangle_lava_temple
Lair:1:   layout_regular_city
Lair:2:   layout_cave_pods, minmay_snake_entry_six_corridors,
          nicolae_quartered_pool_super, uniq_gastronok
Lair:3:   layout_cave_pods, elwin_shoals_entry_rooms,
          portal_ice_cave_entry_imps, st_stairs_13
Lair:4:   onia_ninara_swampy_vault, layout_long_grid,
          minmay_slime_entry_pillars, grunt_megastairs_2
Lair:5:   minmay_lair_end_enchanted_forest, layout_regular_city,
          nicolae_lair_run_with_the_wolves
Shoals:1: layout_shoals
Shoals:2: layout_shoals, nicolae_shoals_elemental_ambush
Shoals:3: layout_shoals
Shoals:4: shoals_end_grunt_ice, layout_shoals
Snake:1:  layout_grid_maze
Snake:2:  layout_chambers
Snake:3:  kennysheep_snake, layout_misc_corridors, serial_bayou_shore_b,
          uniq_vashnia
Snake:4:  snake_pit_salamanders_mu, layout_cave_town, basic_altar,
          serial_bayou_shore_a
Slime:1:  cheibrodos_slime_lost_civilization_8, layout_caves
Slime:2:  layout_caves, uniq_dissolution
Slime:3:  layout_caves
Slime:4:  layout_caves
Slime:5
Orc:1:    layout_diamond_mine, enter_volcano_3
Orc:2:    st_orc_ogre_mass, layout_caves, basic_altar,
          nicolae_orc_sculptors_studio, minmay_orc_temple_a
Elf:1:    minmay_elf_arrival_circle, layout_gridlike, serial_shops, shop,
          orc_legates, dk_noncrumbling_2
Elf:2:    elven_hall_of_blades_hangedman_original
          [nicolae_blade_entry_pointy_end], layout_gridlike, serial_shops,
          nicolae_shop_trees, shop, nicolae_shop_hallway_plus,
          nicolae_shop_overgrown_old_shop, basic_altar, lemuel_elevator
Elf:3:    minmay_elf_hall_quartered_circle, layout_loops_corners
Vaults:1: nicolae_vaults_specimen_jars, nicolae_vaults_apartment_1,
          ontoclasm_vaults_tryst, nicolae_vaults_storage_closets_2,
          nicolae_vaults_trapezoid_2, nicolae_vaults_cornered_office,
          vaults_room_stairs_pillars, serial_ice_g, grunt_vaults_twisty,
          vaults_mumra_chevron_long, nicolae_vaults_whirlpool_walls,
          vaults_room_fours, v_rooms_3, layout_vaults_ring, uniq_nikola
Vaults:2: v_rooms_4, grunt_vaults_hallway_short,
          nicolae_vaults_trapezoid_lopsided_1, ontoclasm_vaults_misaligned,
          nicolae_vaults_ellipses_ellipsis, nicolae_vaults_trapezoid_2,
          v_misc_29, nicolae_vaults_six-pack, nicolae_vaults_apartment_2,
          vaults_room_grunt_arrival_ludios, ontoclasm_vaults_ligature,
          layout_vaults_omnibox, uniq_frederick
Vaults:3: ontoclasm_vaults_spin, grunt_vaults_funnel,
          minmay_crypt_entry_necro_gods, nicolae_vaults_sesquioval_fish,
          nicolae_vaults_network_quinsquares
          [nicolae_vaults_network_quincunx_subvault,
          nicolae_vaults_network_quincunx_subvault,
          nicolae_vaults_network_quincunx_subvault,
          nicolae_vaults_network_quincunx_subvault], v_alt_pattern_4,
          ontoclasm_vaults_ring_small, v_misc_16, nicolae_vaults_trapezoid_3,
          serial_ice_h, layout_vaults_omnigrid, serial_shops, shop
Vaults:4: nicolae_vaults_apartment_2, nicolae_vaults_apartment_2,
          nicolae_vaults_house_2, grunt_vaults_hallway_short,
          vaults_dpeg_diagonal, vaults_room_fours, v_misc_26,
          nicolae_vaults_storing_the_good_stuff, nicolae_vaults_six-pack,
          layout_vaults_big_room, uniq_jory
Vaults:5: uniq_margery
Crypt:1:  layout_misc_corridors
Crypt:2:  evilmike_wizard_prison, layout_rooms, minmay_misc_feat_ornament
Crypt:3:  church_of_pain_bobbens, layout_chaotic_city,
          nicolae_tomb_entry_rubble_hallway, chequers_big_river,
          nicolae_danse_macabre
Depths:1: layout_gridlike, abyss_entry, grunt_metal_band,
          lemuel_coloured_pillars_altar, minmay_hidden_floor, uniq_asterion
Depths:2: cheibrodos_birdhouse, layout_cave_pools, hell_entry,
          rand_demon_pan_entry_8, fedhas_altar_3,
          nicolae_trove_entry_free_sample,
          nicolae_hepliaklqana_ecumenical_no_more, infiniplex_staircase_diamond
Depths:3: gammafunk_jiyva_shrine, layout_honeycomb, enter_ziggurat_a,
          chequers_serial_rivers_micro_e, hell_entry, abyss_entry, uniq_mennas,
          uniq_vv, uniq_sojobo
Depths:4: grunt_zot_entry_funnels, layout_gridlike, serial_rivers,
          chequers_serial_rivers_small_b, chequers_serial_rivers_micro_e,
          chequers_serial_rivers_micro_e, chequers_serial_rivers_small_3,
          grunt_hell_entry_dis_mu, minmay_liquid_box, okawaru_trees_2,
          minmay_shop_grove
Zot:1:    layout_basic, st_single_dragon_hoard_1, skrybe_zot_glass_3
Zot:2:    layout_gridlike, uniq_parghit
Zot:3:    lemuel_draconian_sentries, layout_gridlike, uniq_grunn
Zot:4:    layout_basic
Zot:5:    layout_concentric_octagons, gammafunk_ghost_arena

Skill      XL: |  1  2  3  4  5  6  7  8  9 10 11 12 13 14 15 16 17 18 19 20 21 22 23 24 25 26 27 |
---------------+----------------------------------------------------------------------------------+-----
Transmutations | 2 3 4 5 6 7 8 9 10 11 12 13 14 15 16 | 16.7
Spellcasting   | 5 6 7 8 9 10 11 12 13 14 15 16 17 18 19 | 19.9
Fighting       | 1 2 3 5 6 7 8 9 10 11 12 13 14 15 16 17 18 19 | 19.4
Short Blades   | 1 2 3 5 6 7 8 9 10 11 12 13 14 15 16 17 18 19 | 19.4
Long Blades    | 1 2 3 5 6 7 8 9 10 11 12 13 14 15 16 17 18 19 | 19.4
Axes           | 1 2 3 5 6 7 8 9 10 11 12 13 14 15 16 17 18 19 | 19.4
Maces & Flails | 1 2 3 5 6 7 8 9 10 11 12 13 14 15 16 17 18 19 | 19.4
Polearms       | 1 2 3 5 6 7 8 9 10 11 12 13 14 15 16 17 18 19 | 19.4
Staves         | 1 2 3 5 6 7 8 9 10 11 12 13 14 15 16 17 18 19 | 19.4
Ranged Weapons | 1 2 3 5 6 7 8 9 10 11 12 13 14 15 16 17 18 19 | 19.4
Throwing       | 1 2 3 5 6 7 8 9 10 11 12 13 14 15 16 17 18 19 | 19.4
Armour         | 1 2 3 5 6 7 8 9 10 11 12 13 14 15 16 17 18 19 | 19.4
Shields        | 1 2 3 5 6 7 8 9 10 11 12 13 14 15 16 17 18 19 | 19.4
Unarmed Combat | 1 2 3 5 6 7 8 9 10 11 12 13 14 15 16 17 18 19 | 19.4
Invocations    | 1 2 3 4 5 6 7 8 9 10 11 12 13 14 15 16 17 18 19 20 21 | 21.0
Evocations     | 1 2 3 5 6 7 8 9 10 11 12 13 14 15 16 17 18 19 | 19.4
Conjurations   | 1 2 3 4 5 6 7 8 9 10 11 12 13 14 15 16 | 16.5
Hexes          | 1 2 3 4 5 6 7 8 9 10 11 12 13 14 15 16 | 16.5
Summonings     | 1 2 3 4 5 6 7 8 9 10 11 12 13 14 15 16 | 16.5
Necromancy     | 1 2 3 4 5 6 7 8 9 10 11 12 13 14 15 16 | 16.5
Translocations | 1 2 3 4 5 6 7 8 9 10 11 12 13 14 15 16 | 16.5
Fire Magic     | 1 2 3 4 5 6 7 8 9 10 11 12 13 14 15 16 | 16.5
Ice Magic      | 1 2 3 4 5 6 7 8 9 10 11 12 13 14 15 16 | 16.5
Air Magic      | 1 2 3 4 5 6 7 8 9 10 11 12 13 14 15 16 | 16.5
Poison Magic   | 1 2 3 4 5 6 7 8 9 10 11 12 13 14 15 16 | 16.5
Dodging        | 5 6 7 8 9 10 11 12 13 14 15 16 17 18 19 | 19.8
Stealth        | 5 6 7 8 9 10 11 12 13 14 15 16 17 18 19 | 19.8
Earth Magic    | 6 7 8 9 10 11 12 13 14 15 16 17 | 17.3

Action                     |  1- 3 |  4- 6 |  7- 9 | 10-12 | 13-15 | 16-18 | 19-21 | 22-24 | 25-27 || total
---------------------------+-------+-------+-------+-------+-------+-------+-------+-------+-------++-------
  Melee: Dagger            |     4 |    15 |    39 |   104 |    53 |     3 |       |       |       ||   218
         Bite              |     1 |       |     2 |    14 |    60 |    26 |    20 |    47 |    39 ||   209
         Punch             |       |       |     3 |     2 |     6 |       |       |       |       ||    11
         Trident           |       |       |       |     9 |     3 |       |       |       |       ||    12
         Morningstar       |       |       |       |       |    27 |       |       |       |       ||    27
         Staff             |       |       |       |       |   119 |    39 |    13 |   126 |   129 ||   426
         War axe           |       |       |       |       |   109 |       |       |       |       ||   109
         Scimitar          |       |       |       |       |     4 |   108 |    38 |       |       ||   150
         Unarmed           |       |       |       |       |       |     6 |       |       |     1 ||     7
         Long sword        |       |       |       |       |       |       |    57 |    21 |       ||    78
         Quick blade       |       |       |       |       |       |       |    18 |    66 |    28 ||   112
         Headbutt          |       |       |       |       |       |       |       |       |     8 ||     8
  Throw: Dart              |       |     2 |    20 |    20 |    34 |     2 |       |     2 |       ||    80
         Javelin           |       |       |     9 |     8 |    10 |    25 |     2 |    15 |    43 ||   112
         Boomerang         |       |       |       |       |       |       |    65 |       |       ||    65
   Cast: Sandblast         |    33 |    35 |   145 |    97 |    80 |       |       |       |       ||   390
         Ensorcelled Hiber |     4 |     1 |     3 |    12 |     1 |       |       |       |       ||    21
         Stone Arrow       |       |       |    44 |   117 |   284 |   355 |   308 |   291 |   142 ||  1541
         Summon Guardian G |       |       |       |     9 |    34 |     4 |       |       |       ||    47
         Borgnjor's Vile C |       |       |       |     3 |    68 |    58 |    70 |    32 |    48 ||   279
         Yara's Violent Un |       |       |       |     1 |       |       |    10 |     5 |     1 ||    17
         Iron Shot         |       |       |       |       |    50 |   133 |    87 |    78 |   184 ||   532
         Spellforged Servi |       |       |       |       |     3 |   107 |    71 |    72 |    93 ||   346
         Blink             |       |       |       |       |     3 |     3 |     2 |     3 |     3 ||    14
         Conjure Ball Ligh |       |       |       |       |       |    15 |     4 |       |       ||    19
         Plasma Beam       |       |       |       |       |       |     6 |   108 |   101 |   102 ||   317
         Ignition          |       |       |       |       |       |       |       |    23 |    98 ||   121
         Orb of Destructio |       |       |       |       |       |       |       |       |     3 ||     3
         Shatter           |       |       |       |       |       |       |       |       |    18 ||    18
Ability: Evoke Invisibilit |       |       |       |     2 |       |       |       |       |       ||     2
  Evoke: Wand              |       |     1 |     6 |    14 |    60 |    43 |    10 |     6 |    14 ||   154
         Lightning rod     |       |       |       |       |    10 |    15 |     3 |     8 |     3 ||    39
         Phantom mirror    |       |       |       |       |       |     2 |       |       |       ||     2
         Box of beasts     |       |       |       |       |       |       |     1 |     1 |     1 ||     3
    Use: Scroll            |       |     5 |     8 |    15 |     6 |     8 |     9 |     7 |    19 ||    77
         Potion            |       |       |       |     3 |       |     7 |       |     3 |    12 ||    25
   Stab: Sleeping          |     2 |     3 |     3 |    13 |    11 |     3 |    12 |     7 |     2 ||    56
         Invisible         |       |       |       |     1 |       |       |       |       |       ||     1
         Distracted        |       |       |       |       |       |     2 |     3 |     3 |     3 ||    11
 Armour: Leather armour    |     3 |     3 |    31 |    25 |       |    45 |       |       |       ||   107
         Ring mail         |       |       |       |    54 |   105 |     3 |       |       |       ||   162
         Robe              |       |       |       |     3 |       |    34 |    32 |    46 |    41 ||   156
         Swamp dragon scal |       |       |       |       |    52 |       |       |       |       ||    52
  Dodge: Dodged            |     8 |    20 |    71 |   194 |   442 |   326 |   130 |   111 |   108 ||  1410
  Block: Buckler           |       |       |       |       |   102 |   121 |       |       |       ||   223
         Kite shield       |       |       |       |       |       |       |   128 |   164 |   146 ||   438

Table legend: (Time is in decaauts)
 A = Elapsed time spent in this place.
 B = Non-inter-level travel time spent in this place.
 C = Inter-level travel time spent in this place.
 D = Time resting spent in this place.
 E = Time spent auto-exploring this place.
 F = Levels seen in this place.
 G = Mean time per level.
                   A        B        C        D        E       F      G
               +--------+--------+--------+--------+--------+-----+--------+
         Total |  96406 |  82328 |  14078 |  25004 |  42700 |  59 | 1634.0 |
       Dungeon |  23220 |  16992 |   6228 |   2946 |  11207 |  15 | 1548.0 |
        Temple |    288 |    279 |      9 |      0 |    259 |   1 |  288.0 |
          Lair |  10402 |   8963 |   1439 |   2707 |   4906 |   5 | 2080.4 |
        Shoals |   5806 |   5482 |    324 |   1663 |   2948 |   4 | 1451.5 |
     Snake Pit |   8836 |   7892 |    944 |   3347 |   3125 |   4 | 2209.0 |
    Slime Pits |   1414 |   1352 |     62 |    777 |     82 |   5 |  282.8 |
  Orcish Mines |   2781 |   2333 |    448 |    950 |    788 |   2 | 1390.5 |
   Elven Halls |   5460 |   4814 |    646 |   1384 |   2273 |   3 | 1820.0 |
        Vaults |   9606 |   8360 |   1246 |   1996 |   4746 |   5 | 1921.2 |
         Crypt |   5677 |   5213 |    464 |   1319 |   3064 |   3 | 1892.3 |
        Depths |   6910 |   5774 |   1136 |    903 |   4022 |   4 | 1727.5 |
           Zot |  14161 |  13034 |   1127 |   6031 |   5168 |   5 | 2832.2 |
         Trove |     69 |     69 |      0 |      0 |      0 |   1 |   69.0 |
      Ice Cave |   1150 |   1150 |      0 |    752 |     54 |   1 | 1150.0 |
       Volcano |    618 |    618 |      0 |    228 |     56 |   1 |  618.0 |
               +--------+--------+--------+--------+--------+-----+--------+

Top non-repeatable levels by time:
   Zot:5: 4308 daAuts
   Zot:4: 3061 daAuts
 Snake:2: 2994 daAuts
    D:13: 2848 daAuts
   Zot:3: 2691 daAuts
 Crypt:3: 2655 daAuts
  Lair:5: 2631 daAuts
  Lair:3: 2617 daAuts
Vaults:5: 2495 daAuts
   Zot:2: 2419 daAuts
    D:11: 2382 daAuts
 Snake:4: 2306 daAuts
Vaults:3: 2223 daAuts
   Elf:3: 2151 daAuts
Depths:3: 2144 daAuts

Table legend:
 A = Kills in this place as a percentage of kills in the entire game.
 B = Kills by you in this place as a percentage of kills by you in the entire game.
 C = Kills by friends in this place as a percentage of kills by friends in the entire game.
 D = Other kills in this place as a percentage of other kills in the entire game.
 E = Experience gained in this place as a percentage of experience gained in the entire game.
 F = Experience gained in this place divided by the number of levels of this place that you have seen.
                   A       B       C       D       E      F
               +-------+-------+-------+-------+-------+----------------------
         Total | 100.0 | 100.0 | 100.0 | 100.0 | 100.0 | 24585.0
       Dungeon |  16.6 |  19.3 |   6.8 |   7.9 |   5.6 | 5392.8
          Lair |   9.9 |  10.9 |   0.7 |  73.7 |   4.1 | 11986.0
        Shoals |   6.5 |   4.9 |  13.7 |   0.0 |   4.9 | 17892.8
     Snake Pit |  10.1 |   7.7 |  19.9 |   5.3 |   8.9 | 32340.5
    Slime Pits |   3.2 |   3.1 |   4.2 |   0.0 |   3.8 | 11044.0
  Orcish Mines |   4.1 |   5.1 |   0.0 |   5.3 |   1.4 | 10227.0
   Elven Halls |   7.0 |   7.3 |   6.4 |   0.0 |   8.1 | 39385.3
        Vaults |  15.6 |  15.3 |  18.1 |   0.0 |  18.5 | 53649.6
         Crypt |   8.6 |   8.8 |   8.4 |   0.0 |   9.4 | 45326.7
        Depths |   6.9 |   7.0 |   7.1 |   0.0 |  10.3 | 37389.0
           Zot |   9.8 |   8.7 |  14.8 |   2.6 |  24.0 | 69548.8
      Ice Cave |   1.1 |   1.5 |   0.0 |   0.0 |   0.5 | 6972.0
       Volcano |   0.5 |   0.5 |   0.0 |   5.3 |   0.4 | 6429.0
               +-------+-------+-------+-------+-------+----------------------

Levels and vault maps discovered:
D:1:      scummos_arrival_simple_crosswalls, layout_basic
D:2:      layout_rooms, nicolae_half_adder, uniq_jessica, uniq_sigmund,
          uniq_terence
D:3:      layout_basic, nicolae_sif_muna_little_library, minmay_misc_feat_room,
          minmay_strange_pillars
D:4:      wad_crossroads, layout_basic, zin_academy, serial_shops,
          kennysheep_mini
D:5:      layout_loops_cross, minmay_temple_entry_wispy
D:6:      layout_rooms, eino_small_chamber_without_monster,
          kennysheep_generic_room_3
D:7:      layout_loops_ring, mainiacjoe_overflow_surrounded_room,
          serial_aquarium, aquarium_bridge_square [aquarium_subvault_bridge,
          aquarium_subvault_bridge, aquarium_subvault_window,
          aquarium_subvault_bridge], aquarium_bridge_square
          [aquarium_subvault_bridge, aquarium_subvault_wall,
          aquarium_subvault_wall, aquarium_subvault_wall], aquarium_window_1,
          aquarium_window_1, aquarium_window_1, aquarium_view_2b,
          grunt_livestock, chequers_serial_rivers_small_3, grunt_ministairs_6
D:8:      layout_layer_cave, lair_entry_dummy
D:9:      layout_loops_corners, grunt_temple_overflow_forces_of_nature,
          grunt_temple_overflow_open, serial_glass, glass_columns_c,
          glass_columns_a, uniq_grum
D:10:     layout_irregular_city, xom_teletrap_fun, mainiacjoe_overflow_catwalk,
          serial_co_window_serial, co_window_corner_a, co_window_paths_b,
          co_window_corner_a, co_window_cross_1, co_window_paths_a,
          co_window_2corner, co_window_paths_c, co_window_of_opportunity_b,
          co_window_unsneaky_path_a, co_window_paths_e, co_window_4corner_a,
          chequers_jeans, uniq_urug, uniq_harold
D:11:     layout_irregular_city, erik_orc_3, uniq_maurice
D:12:     layout_roguey
D:13:     layout_irregular_city, david_vaults_2, gammafunk_ghost_arena
D:14:     layout_big_octagon, kennysheep_nub, slow_altar_1, uniq_snorg,
          uniq_jorgrun, uniq_rupert
D:15:     grunt_enter_depths_snipers, layout_basic, serial_shops, shop,
          kennysheep_crisscross
Temple:   compressed_dpeg_triangle_lava_temple
Lair:1:   layout_regular_city
Lair:2:   layout_cave_pods, minmay_snake_entry_six_corridors,
          nicolae_quartered_pool_super, uniq_gastronok
Lair:3:   layout_cave_pods, elwin_shoals_entry_rooms,
          portal_ice_cave_entry_imps, st_stairs_13
Lair:4:   onia_ninara_swampy_vault, layout_long_grid,
          minmay_slime_entry_pillars, grunt_megastairs_2
Lair:5:   minmay_lair_end_enchanted_forest, layout_regular_city,
          nicolae_lair_run_with_the_wolves
Shoals:1: layout_shoals
Shoals:2: layout_shoals, nicolae_shoals_elemental_ambush
Shoals:3: layout_shoals
Shoals:4: shoals_end_grunt_ice, layout_shoals
Snake:1:  layout_grid_maze
Snake:2:  layout_chambers
Snake:3:  kennysheep_snake, layout_misc_corridors, serial_bayou_shore_b,
          uniq_vashnia
Snake:4:  snake_pit_salamanders_mu, layout_cave_town, basic_altar,
          serial_bayou_shore_a
Slime:1:  cheibrodos_slime_lost_civilization_8, layout_caves
Slime:2:  layout_caves, uniq_dissolution
Slime:3:  layout_caves
Slime:4:  layout_caves
Slime:5
Orc:1:    layout_diamond_mine, enter_volcano_3
Orc:2:    st_orc_ogre_mass, layout_caves, basic_altar,
          nicolae_orc_sculptors_studio, minmay_orc_temple_a
Elf:1:    minmay_elf_arrival_circle, layout_gridlike, serial_shops, shop,
          orc_legates, dk_noncrumbling_2
Elf:2:    elven_hall_of_blades_hangedman_original
          [nicolae_blade_entry_pointy_end], layout_gridlike, serial_shops,
          nicolae_shop_trees, shop, nicolae_shop_hallway_plus,
          nicolae_shop_overgrown_old_shop, basic_altar, lemuel_elevator
Elf:3:    minmay_elf_hall_quartered_circle, layout_loops_corners
Vaults:1: nicolae_vaults_specimen_jars, nicolae_vaults_apartment_1,
          ontoclasm_vaults_tryst, nicolae_vaults_storage_closets_2,
          nicolae_vaults_trapezoid_2, nicolae_vaults_cornered_office,
          vaults_room_stairs_pillars, serial_ice_g, grunt_vaults_twisty,
          vaults_mumra_chevron_long, nicolae_vaults_whirlpool_walls,
          vaults_room_fours, v_rooms_3, layout_vaults_ring, uniq_nikola
Vaults:2: v_rooms_4, grunt_vaults_hallway_short,
          nicolae_vaults_trapezoid_lopsided_1, ontoclasm_vaults_misaligned,
          nicolae_vaults_ellipses_ellipsis, nicolae_vaults_trapezoid_2,
          v_misc_29, nicolae_vaults_six-pack, nicolae_vaults_apartment_2,
          vaults_room_grunt_arrival_ludios, ontoclasm_vaults_ligature,
          layout_vaults_omnibox, uniq_frederick
Vaults:3: ontoclasm_vaults_spin, grunt_vaults_funnel,
          minmay_crypt_entry_necro_gods, nicolae_vaults_sesquioval_fish,
          nicolae_vaults_network_quinsquares
          [nicolae_vaults_network_quincunx_subvault,
          nicolae_vaults_network_quincunx_subvault,
          nicolae_vaults_network_quincunx_subvault,
          nicolae_vaults_network_quincunx_subvault], v_alt_pattern_4,
          ontoclasm_vaults_ring_small, v_misc_16, nicolae_vaults_trapezoid_3,
          serial_ice_h, layout_vaults_omnigrid, serial_shops, shop
Vaults:4: nicolae_vaults_apartment_2, nicolae_vaults_apartment_2,
          nicolae_vaults_house_2, grunt_vaults_hallway_short,
          vaults_dpeg_diagonal, vaults_room_fours, v_misc_26,
          nicolae_vaults_storing_the_good_stuff, nicolae_vaults_six-pack,
          layout_vaults_big_room, uniq_jory
Vaults:5: uniq_margery
Crypt:1:  layout_misc_corridors
Crypt:2:  evilmike_wizard_prison, layout_rooms, minmay_misc_feat_ornament
Crypt:3:  church_of_pain_bobbens, layout_chaotic_city,
          nicolae_tomb_entry_rubble_hallway, chequers_big_river,
          nicolae_danse_macabre
Depths:1: layout_gridlike, abyss_entry, grunt_metal_band,
          lemuel_coloured_pillars_altar, minmay_hidden_floor, uniq_asterion
Depths:2: cheibrodos_birdhouse, layout_cave_pools, hell_entry,
          rand_demon_pan_entry_8, fedhas_altar_3,
          nicolae_trove_entry_free_sample,
          nicolae_hepliaklqana_ecumenical_no_more, infiniplex_staircase_diamond
Depths:3: gammafunk_jiyva_shrine, layout_honeycomb, enter_ziggurat_a,
          chequers_serial_rivers_micro_e, hell_entry, abyss_entry, uniq_mennas,
          uniq_vv, uniq_sojobo
Depths:4: grunt_zot_entry_funnels, layout_gridlike, serial_rivers,
          chequers_serial_rivers_small_b, chequers_serial_rivers_micro_e,
          chequers_serial_rivers_micro_e, chequers_serial_rivers_small_3,
          grunt_hell_entry_dis_mu, minmay_liquid_box, okawaru_trees_2,
          minmay_shop_grove
Zot:1:    layout_basic, st_single_dragon_hoard_1, skrybe_zot_glass_3
Zot:2:    layout_gridlike, uniq_parghit
Zot:3:    lemuel_draconian_sentries, layout_gridlike, uniq_grunn
Zot:4:    layout_basic
Zot:5:    layout_concentric_octagons, gammafunk_ghost_arena
